 Dungeon Sprint DCSS version 0.18.1-50-g88ac8fd (webtiles) character file.

900000 negitausen the Warrior (level 11, -43/108 HPs)
             Began as a Demonspawn Berserker on Sept 17, 2016.
             Was an Initiate of Makhleb.
             Annihilated by a meat berserker
             ... wielding a +9 battleaxe
              (64 damage)
             ... in the Dungeon (Sprint VIII: "Arena of Blood").
             The game lasted 00:00:48 (9 turns).

negitausen the Warrior (Demonspawn Berserker)          Turns: 9, Time: 00:00:49

Health: -43/108    AC:  9    Str: 20    XL:     11   Next: 71%
Magic:  0/11       EV: 16    Int:  9    God:    Makhleb [......]
Gold:   0          SH:  0    Dex: 11    Spells: 0 memorised, 10 levels left

rFire  . . .     SeeInvis .     i - +∞ Axe of Woe
rCold  . . .     Gourm    .     a - +0 animal skin
rNeg   . . .     Faith    .     (shield currently unavailable)
rPois  .         Spirit   +     (no helmet)
rElec  .         Dismiss  .     (no cloak)
rCorr  .         Reflect  .     (no gloves)
SustAt .         Harm     .     (no boots)
MR     .....     NoTele   +     (no amulet)
Stlth  +.........               (no ring)
                                (no ring)

@: not resistant to hostile enchantments, very unstealthy
A: talons 2, rough black scales 2, magic shield, rot immunity
a: Renounce Religion


You were in the Dungeon.
You worshipped Makhleb.
Makhleb was noncommittal.
You were not hungry.

You visited 1 branch

Inventory:

Hand Weapons
 i - the +∞ Axe of Woe (weapon)
   (You found it in the Dungeon)
Armour
 a - a +0 animal skin (worn)
Scrolls
 h - a scroll of blinking
Potions
 c - a potion of curing
 d - a potion of heal wounds
 e - a potion of haste
 f - 2 potions of magic
 g - a potion of berserk rage
Comestibles
 b - a bread ration


   Skills:
 + Level 17.8 Fighting
 + Level 9.4 Armour
 + Level 9.5 Dodging
 + Level 16.5 Unarmed Combat


You had 10 spell levels left.
You didn't know any spells.

Dungeon Overview and Level Annotations

Branches:
Dungeon (1/1)

Altars:
Makhleb


Innate Abilities, Weirdness & Mutations

You have razor-sharp toenails.
You are mostly covered in rough black scales (AC +7, Dex -2).
When hurt, damage is shared between your health and your magic reserves.
You are immune to rotting.


Message History

Rough black scales spread over more of your body.
You have reached level 8!
You feel agile.
You have reached level 9!
Your experience leads to an increase in your attributes!
Increase (S)trength, (I)ntelligence, or (D)exterity?
You feel stronger.
You have reached level 10!
Your demonic ancestry asserts itself...
Your toenails lengthen and sharpen.
You have reached level 11!
You hear a shout! x7
The meat berserker hits you with a +9 battleaxe!!!
You hear a shout! x3
The bag of meat hits you with a +9 war axe!!!
* * * LOW HITPOINT WARNING * * *
You hear a shout! x3
The meat berserker hits you with a +9 battleaxe!!!
Ouch! That really hurt!
You die...

........... ...
........... ...
..o....... ....
#.......# .#...
#.......#
...o.###..o....###.
.....o....###......
..#.....O.._.......
#.....o@#.....#....
......).#O.<._# .
#.......#.....#
..#.o......_.....
..........###......
.....###... ..###.
..... #... ..#
..... #... ..# ..
..


You could see a meat berserker (berserk) and 6 bags of meat.

Vanquished Creatures
  An orc (D)
1 creature vanquished.

Notes
Turn   | Place    | Note
--------------------------------------------------------------
     0 | D        | negitausen the Demonspawn Berserker began the quest for the Orb.
     0 | D        | Reached XP level 1. HP: 18/18 MP: 1/1
     4 | D        | Fell from the grace of Trog
     4 | D        | Became a worshipper of Makhleb the Destroyer
     6 | D        | Noticed a bag of meat
     6 | D        | Noticed a bag of meat
     6 | D        | Noticed a bag of meat
     7 | D        | Noticed a bag of meat
     7 | D        | Noticed a meat berserker
     7 | D        | Noticed a bag of meat
     8 | D        | Noticed a bag of meat
     8 | D        | Noticed a bag of meat
     9 | D        | Killed a bag of meat
     9 | D        | Reached skill level 17 in Fighting
     9 | D        | Gained mutation: When hurt, damage is shared between your health and your magic reserves. [demonic ancestry]
     9 | D        | Reached XP level 2. HP: 48/48 MP: 2/2
     9 | D        | Reached XP level 3. HP: 54/54 MP: 3/3
     9 | D        | Gained mutation: You are partially covered in rough black scales (AC +4, Dex -1). [demonic ancestry]
     9 | D        | Reached XP level 4. HP: 62/62 MP: 4/4
     9 | D        | Gained mutation: You are immune to rotting. [demonic ancestry]
     9 | D        | Reached XP level 5. HP: 68/68 MP: 5/5
     9 | D        | Gained mutation: You have sharp toenails. [demonic ancestry]
     9 | D        | Reached XP level 6. HP: 75/75 MP: 6/6
     9 | D        | Gained mutation: You are mostly covered in rough black scales (AC +7, Dex -2). [demonic ancestry]
     9 | D        | Reached XP level 7. HP: 81/81 MP: 7/7
     9 | D        | Reached XP level 8. HP: 89/89 MP: 8/8
     9 | D        | Reached XP level 9. HP: 95/95 MP: 9/9
     9 | D        | Gained mutation: You have razor-sharp toenails. [demonic ancestry]
     9 | D        | Reached XP level 10. HP: 102/102 MP: 10/10
     9 | D        | Reached XP level 11. HP: 108/108 MP: 11/11
     9 | D        | Annihilated by a meat berserker

Skill      XL: |  1 |
---------------+----+-----
Fighting       | 17 | 17.8
Armour         | 9 |  9.4
Dodging        | 9 |  9.5
Unarmed Combat | 16 | 16.5

Action                   |  1- 3 |  4- 6 |  7- 9 | 10-12 || total
-------------------------+-------+-------+-------+-------++-------
Melee: Executioner's axe |     1 |       |       |       ||     1
